 Dungeon Crawl Stone Soup version 0.21.1-1-g345015f (webtiles) character file.

995 Harpaggios the Changer (level 7, -3/47 HPs)
             Began as a White Draconian Transmuter on Apr 7, 2018.
             Was a Believer of Hepliaklqana.
             Slain by an orc
             ... wielding a +0 mace
              (5 damage)
             ... on level 6 of the Dungeon on Apr 10, 2018.
             The game lasted 00:41:01 (6909 turns).

Harpaggios the Changer (White Draconian Transmuter) Turns: 6909, Time: 00:41:04

Health: -3/47      AC:  6    Str: 12    XL:     7   Next: 99%
Magic:  10/10      EV: 13    Int: 16    God:    Hepliaklqana [**....]
Gold:   287        SH:  0    Dex: 11    Spells: 0/10 levels left

rFire    . . .     SeeInvis .     - Unarmed
rCold    + . .     Gourm    .   (no shield)
rNeg     . . .     Faith    .   (armour unavailable)
rPois    .         Spirit   .   (helmet restricted)
rElec    +         Reflect  .   (no cloak)
rCorr    .         Harm     .   (no gloves)
MR       .....     Clarity  +   (no boots)
Stlth    +.........             i - amulet of magic regeneration
HPRegen  0.15/turn              (no ring)
MPRegen  0.37/turn              (no ring)

@: short of breath
A: breathe frost, unfitting armour, reduced essence, blurry vision 1, clarity,
cold resistance 1, electricity resistance, cold-blooded, MP-powered wands, AC +6
a: Breathe Frost, Recall Ancestor, Ancestor Identity, Renounce Religion


You were on level 6 of the Dungeon.
You worshipped Hepliaklqana.
Hepliaklqana was pleased with you.
You were not hungry.

You visited 1 branch of the dungeon, and saw 6 of its levels.

You collected 287 gold pieces.

Inventory:

Missiles
 d - 52 arrows
Jewellery
 i - an amulet of magic regeneration (around neck)
 j - an uncursed ring of ice
Wands
 a - a wand of flame (15)
Scrolls
 f - 2 scrolls of fear
 g - a scroll of enchant weapon
 h - 2 scrolls of remove curse
 l - 4 scrolls of identify
 o - a scroll of fog
Potions
 e - 2 potions of cancellation
 m - a potion of heal wounds
 r - 2 potions of brilliance
 u - a potion of flight
Books
 b - a book of Changes

   Spells                             Type                      Level
   a - Beastly Appendage              Transmutation                1
   b - Sticks to Snakes               Transmutation                2
   c - Spider Form                    Transmutation/Poison         3
   d - Ice Form                       Ice/Transmutation            4
   e - Blade Hands                    Transmutation                5
 n - a book of Maledictions

   Spells                             Type                      Level
   a - Corona                         Hexes                        1
   b - Ensorcelled Hibernation        Hexes/Ice                    2
   c - Confuse                        Hexes                        3
   d - Tukima's Dance                 Hexes                        3
   e - Dazzling Spray                 Conjuration/Hexes            3
Comestibles
 c - 12 rations


   Skills:
 + Level 1.7 Fighting
 + Level 4.4 Dodging
 + Level 5.3 Unarmed Combat
 - Level 2.0 Spellcasting
 + Level 6.5 Transmutations
 * Level 2.0 Ice Magic


You couldn't memorise any spells.
You knew the following spells:

 Your Spells              Type           Power        Failure   Level  Hunger
a - Beastly Appendage     Tmut           ###...       1%          1    #......
b - Sticks to Snakes      Tmut           ###.....     2%          2    ###....
c - Spider Form           Tmut/Pois      ##........   16%         3    ###....
d - Ice Form              Ice/Tmut       ###.....     34%         4    #####..


Dungeon Overview and Level Annotations

Branches:
Dungeon (6/15)
 Temple: D:4-7

Altars:
Cheibriados
Dithmenos
Gozag
Hepliaklqana
Makhleb
Nemelex Xobeh
Trog
Xom
Yredelemnul


Innate Abilities, Weirdness & Mutations

You can breathe waves of freezing cold.
You can buffet flying creatures when you breathe cold.
Your icy white scales are hard. (AC +6)
You cannot fit into any form of body armour.
Your flesh is cold resistant. (rC+)
You are cold-blooded and may be slowed by cold attacks.
Your life essence is reduced to manifest your ancestor. (-10% HP)
Scrolls take you a little longer to read.
You possess an exceptional clarity of mind.
You are resistant to electric shocks. (rElec)
You expend magic power (3 MP) to strengthen your wands.


Message History

You hit the orc wizard.
You punch the orc wizard, but do no damage.
The orc wizard is almost dead.
The orc hits you with a mace.
The orc wizard hits you but does no damage.
Lucia closely misses the orc wizard.
You barely miss the orc wizard.
The orc wizard is almost dead.
The orc wizard points at you and mumbles some strange words.
The magic dart hits you!
* * * LOW HITPOINT WARNING * * *
The orc misses you.
You closely miss the orc wizard.
The orc wizard is almost dead.
Lucia closely misses the orc wizard.
The orc wizard points at you and mumbles some strange words.
The puff of flame hits you!
* * * LOW HITPOINT WARNING * * *
The orc hits you with a mace.
You die...

...........##
............#
%...........#
............#####
....#.#.........#
.............##.#
....#.#....#.##.#
..........#..##.##
####.#.####.###o@##
## #.#.# ..# ##o†#
)# # #. .###....R#
.# . #.#.#.# .#
#.....# ..#
#..#.#.. .....
#.......# ......
..###...# ......
..# #..##


You could see the friendly Lucia the knight, an orc wizard and an orc.

Vanquished Creatures
  An ogre (D:6)
  A phantom (D:4)
  A worker ant (D:4)
  5 adders
  2 oozes
  An adder zombie (D:5)
  3 worms
  2 dart slugs
  A leopard gecko (D:3)
  2 orcs
  4 bats
  3 giant cockroaches
  4 goblins
  8 hobgoblins
  2 jackals (D:1)
  A quokka (D:2)
  7 frilled lizards
  2 kobolds
  6 rats
56 creatures vanquished.

Vanquished Creatures (collateral kills)
  The ghost of Redear the Insei, an amateur OpWr (D:4)
  2 sky beasts
  An ogre (D:4)
  A centaur (D:5)
  A howler monkey (D:4)
  A hound (D:4)
  A centaur skeleton (D:4)
  An iguana (D:4)
  3 worker ants
  A hound skeleton (D:5)
  4 adders
  A shadow imp (D:5)
  An adder zombie (D:4)
  A leopard gecko (D:3)
  3 orcs
  A giant cockroach (D:5)
  A hobgoblin (D:2)
  2 quokkas
  A frilled lizard (D:4)
28 creatures vanquished.

Vanquished Creatures (others)
  2 ancestors
2 creatures vanquished.

Grand Total: 86 creatures vanquished

Notes
Turn   | Place    | Note
-------+----------+-------------------------------------------
     0 | D:1      | Harpaggios the Draconian Transmuter began the quest for the Orb.
     0 | D:1      | Reached XP level 1. HP: 16/16 MP: 3/3
   556 | D:1      | Reached XP level 2. HP: 12/23 MP: 5/5
  1947 | D:2      | Reached skill level 3 in Transmutations
  1947 | D:2      | Reached XP level 3. HP: 25/28 MP: 6/6
  1951 | D:2      | Learned a level 2 spell: Sticks to Snakes
  2061 | D:2      | Found an opulent altar of Gozag.
  2062 | D:2      | Found a basalt altar of Yredelemnul.
  2062 | D:2      | Found a shimmering altar of Xom.
  2065 | D:2      | Found a bloodstained altar of Trog.
  2181 | D:2      | Found a snail-covered altar of Cheibriados.
  2182 | D:2      | Found a shadowy altar of Dithmenos.
  2182 | D:2      | Found a hazy altar of Hepliaklqana.
  2183 | D:2      | Found a sparkling altar of Nemelex Xobeh.
  2209 | D:2      | Became a worshipper of Hepliaklqana the Forgotten
  2832 | D:3      | Reached XP level 4. HP: 31/31 MP: 7/7
  2894 | D:3      | Reached * piety under Hepliaklqana
  2960 | D:3      | Found a burning altar of Makhleb.
  3978 | D:4      | Found a snail-covered altar of Cheibriados.
  4005 | D:4      | Reached skill level 4 in Transmutations
  4005 | D:4      | Reached XP level 5. HP: 19/36 MP: 1/8
  4013 | D:4      | Noticed Redear's ghost (amateur OpWr)
  4066 | D:4      | Killed Redear's ghost
  4066 | D:4      | Reached XP level 6. HP: 16/42 MP: 7/9
  4258 | D:4      | Learned a level 3 spell: Spider Form
  4306 | D:4      | Reached skill level 5 in Transmutations
  4705 | D:4      | Reached ** piety under Hepliaklqana
  4706 | D:4      | Remembered your ancestor Lucia as a knight
  4980 | D:4      | Your scales start taking on an icy white colour.
  4980 | D:4      | Reached XP level 7. HP: 31/46 MP: 10/10
  4980 | D:4      | Gained mutation: Your flesh is cold resistant. (rC+) [White Draconian growth]
  5197 | D:5      | Entered Level 5 of the Dungeon
  5415 | D:5      | Reached skill level 6 in Transmutations
  5446 | D:5      | Reached skill level 5 in Unarmed Combat
  6348 | D:5      | Gained mutation: You are resistant to electric shocks. (rElec) [potion of mutation]
  6348 | D:5      | Gained mutation: You expend magic power (3 MP) to strengthen your wands. [potion of mutation]
  6348 | D:5      | Gained mutation: Scrolls take you a little longer to read. [potion of mutation]
  6348 | D:5      | Gained mutation: You possess an exceptional clarity of mind. [potion of mutation]
  6777 | D:6      | Learned a level 4 spell: Ice Form
  6869 | D:6      | Reached skill level 1 in Ice Magic
  6909 | D:6      | HP: 2/47 [orc wizard/puff of flame (8)]
  6909 | D:6      | Slain by an orc

Skill      XL: |  1  2  3  4  5  6  7 |
---------------+----------------------+-----
Dodging        | 2 3 4 |  4.4
Transmutations | 3 4 5 6 |  6.5
Unarmed Combat | 4 5 |  5.3
Ice Magic      | 2 |  2.0
Fighting       | |  1.7
Spellcasting   | |  2.0

Action                   |  1- 3 |  4- 6 |  7- 9 || total
-------------------------+-------+-------+-------++-------
Melee: Unarmed           |   161 |   123 |    50 ||   334
       Tailslap          |    10 |    13 |     5 ||    28
       Headbutt          |     2 |     3 |       ||     5
       Kick              |     2 |     6 |       ||     8
       Punch             |     1 |     1 |     2 ||     4
 Cast: Beastly Appendage |    14 |    13 |       ||    27
       Sticks to Snakes  |       |    12 |     2 ||    14
Invok: Ancestor Life: Kn |       |     1 |       ||     1
 Abil: Breathe Frost     |       |       |     4 ||     4
  Use: Scroll            |     2 |     8 |     2 ||    12
       Potion            |       |    11 |     1 ||    12
 Stab: Sleeping          |     1 |     1 |       ||     2
       Distracted        |       |       |     2 ||     2
  Eat: Chunk             |     6 |     8 |     4 ||    18
       Ration            |       |       |     1 ||     1
Armor: Skin              |    34 |    27 |     8 ||    69
Dodge: Dodged            |    87 |    71 |    30 ||   188
